 Dungeon Crawl Stone Soup version 0.20-a0-1089-g3fde505 (webtiles) character file.

36 nubinia the Digger (level 3, -4/24 HPs)
             Began as a Formicid Earth Elementalist on May 3, 2017.
             Slain by a quokka (5 damage)
             ... on level 2 of the Dungeon.
             The game lasted 00:06:33 (1364 turns).

nubinia the Digger (Formicid Earth Elementalist)    Turns: 1364, Time: 00:06:34

Health: -4/24      AC:  3    Str: 12    XL:     3   Next: 57%
Magic:  6/7        EV: 12    Int: 15    God:
Gold:   70         SH:  0    Dex: 11    Spells: 1/7 levels left

rFire    + . .     SeeInvis +   l - +0 spear
rCold    + . .     Gourm    .   (no shield)
rNeg     . . .     Faith    .   c - +0 robe
rPois    .         Spirit   .   (helmet unavailable)
rElec    .         Reflect  .   n - scarf {rC+ rF+}
rCorr    .         Harm     .   a - +0 pair of gloves
MR       .....                  (no boots)
Stlth    ++........             (no amulet)
Regen    0.1/turn               (no ring)
MPRegen  0.1/turn               (no ring)

@: no status effects
A: permanent stasis, dig shafts and tunnels, four strong arms, antennae 3
a: Dig, Shaft Self


You were on level 2 of the Dungeon.
You were not hungry.

You visited 1 branch of the dungeon, and saw 2 of its levels.

You collected 70 gold pieces.

Inventory:

Hand Weapons
 l - a +0 spear (weapon)
Missiles
 b - 21 stones (quivered)
Armour
 a - a +0 pair of gloves (worn)
 c - a +0 robe (worn)
 n - a scarf of resistance (worn)
Scrolls
 f - 4 scrolls of identify
Potions
 g - a potion of berserk rage {unknown}
 h - a potion of might
 i - a potion of degeneration {unknown}
 j - a potion of flight {unknown}
 k - 2 potions of curing
 o - a potion of resistance {unknown}
Books
 e - a book of Geomancy

   Spells                             Type                      Level
   a - Sandblast                      Earth                        1
   b - Passwall                       Transmutation/Earth          2
   c - Stone Arrow                    Conjuration/Earth            3
   d - Petrify                        Transmutation/Earth          4
   e - Lee's Rapid Deconstruction     Earth                        5
Comestibles
 d - 2 bread rations
 m - 6 fruits
 p - a chunk of flesh
 q - a meat ration


   Skills:
 + Level 0.2 Fighting
 + Level 0.2 Polearms
 + Level 2.1 Dodging
 + Level 2.7 Stealth
 + Level 2.7 Spellcasting
 + Level 1.1 Transmutations
 + Level 4.2 Earth Magic


You had one spell level left.
You knew the following spells:

 Your Spells              Type           Power        Failure   Level  Hunger
a - Sandblast             Erth           ##....       3%          1    #......
b - Stone Arrow           Conj/Erth      #.....       26%         3    ###....
p - Passwall              Tmut/Erth      ##........   11%         2    ##.....


Dungeon Overview and Level Annotations

Branches:
Dungeon (2/15)

Altars:
Qazlal

Annotations:
D:2 exclusion: adder


Innate Abilities, Weirdness & Mutations

You cannot be hasted, slowed, berserked, paralysed or teleported.
You can dig through walls and to a lower floor.
Your four strong arms can wield two-handed weapons with a shield.
You have a pair of large antennae on your head. (SInv)


Message History

You completely miss the quokka.
The quokka is almost dead.
The quokka closely misses you. x2
You barely miss the quokka.
The quokka is severely wounded.
The quokka bites you.
* * * LOW HITPOINT WARNING * * *
The quokka barely misses you.
Unknown command.
Unknown command.
Unknown command.
Casting: Sandblast
Confirm with . or Enter, or press ? or * to list all spells.
Aiming: Sandblast
Press: ? - help, Shift-Dir - straight line, f - quokka
Aim: a quokka (severely wounded)
The blast of sand misses the quokka.
b - 21 stones The quokka bites you.
You die...

##.####.##...
.........+.>. ..#.#
.[. #.#.# #.#
##.#.##.#.# #.#
........).# #.#######
##.#.####.###.......#
#.r##)......# S.#
#.#.@##.......# #...
..#...........#
#l..##.....#.......#
#.......#..........#
#...........<......#
##..$........#...###
........#....###.#
#####...)......#
#..........#####


You could see a quokka.

Vanquished Creatures
  An ooze (D:1)
  A dart slug (D:1)
  2 leopard geckos
  2 ball pythons
  4 bats
  5 goblins
  A hobgoblin (D:1)
  2 frilled lizards (D:1)
  7 kobolds
  A rat (D:1)
26 creatures vanquished.

Notes
Turn   | Place    | Note
-------+----------+-------------------------------------------
     0 | D:1      | nubinia the Formicid Earth Elementalist began the quest for the Orb.
     0 | D:1      | Reached XP level 1. HP: 13/13 MP: 3/3
   453 | D:1      | Reached XP level 2. HP: 19/19 MP: 3/5
   478 | D:1      | Learned a level 2 spell: Passwall
   506 | D:1      | Reached skill level 4 in Earth Magic
   721 | D:1      | Reached XP level 3. HP: 19/24 MP: 7/7
  1215 | D:2      | Noticed a fire elemental
  1218 | D:2      | Found a stormy altar of Qazlal.
  1252 | D:2      | Noticed an air elemental
  1252 | D:2      | Noticed an earth elemental
  1252 | D:2      | Noticed a water elemental
  1282 | D:2      | Learned a level 3 spell: Stone Arrow
  1360 | D:2      | HP: 1/24 [quokka (4)]
  1364 | D:2      | Slain by a quokka

Vault maps used:
D:1:      wheals_arrival_linesprint
D:2:      nicolae_qazlal_style_of_elements

Skill      XL: |  1  2 |
---------------+-------+-----
Earth Magic    | 4 |  4.2
Dodging        | 2 |  2.1
Fighting       | |  0.2
Polearms       | |  0.2
Stealth        | |  2.7
Spellcasting   | |  2.7
Transmutations | |  1.1

Action                   || total
-------------------------++-------
Melee: Spear             ||    76
 Cast: Sandblast         ||    11
  Use: Scroll            ||     1
       Potion            ||     1
 Stab: Sleeping          ||     3
  Eat: Chunk             ||     2
Armor: Robe              ||    17
Dodge: Dodged            ||    37
